 Dungeon Crawl Stone Soup version 0.30-a0-168-g0b976cbdc4 (webtiles) character file.

Game seed: 8571106813002973670

351270 jlumianski the Tortoise (level 22, -11/150 HPs)
             Began as a Gargoyle Gladiator on Sept 24, 2022.
             Was a High Priest of Qazlal.
             Mangled by a titan (17 damage)
             ... on level 5 of the Vaults on Sept 29, 2022.
             The game lasted 05:55:44 (40472 turns).

jlumianski the Tortoise (Gargoyle Gladiator)       Turns: 40472, Time: 05:55:45

Health: -11/150    AC: 58    Str: 26    XL:     22   Next: 23%
Magic:  31/34      EV: 12    Int:  9    God:    Qazlal [*****.]
Gold:   2046       SH: 19    Dex: 13    Spells: 21/21 levels left

rFire   + . .      SeeInvis +    K - +4 broad axe (vamp)
rCold   + + .      Faith    .    a - +0 kite shield {reflect}
rNeg    + . .      Spirit   .    g - +5 chain mail "Kiaseab" {Will+ Regen+ Int-3}
rPois   ∞          Reflect  +    S - +2 helmet {SInv}
rElec   +          Harm     .    s - scarf {rC+ rF+}
rCorr   .          Rampage  .    Z - +2 pair of gloves
Will    ++...                    l - +1 pair of boots of Ashenzari's Reproof {Contam Fly rC+ Dex+2}
Stlth   +.........               f - amulet of regeneration
HPRegen 1.95/turn                v - +4 ring of protection
MPRegen 0.24/turn                O - +4 ring of protection

@: protected from physical damage, flying, repel missiles
A: sickness immunity, AC +16, big wings, negative energy resistance 1,
electricity resistance, torment resistance 1, petrification resistance,
screaming 1
}: 2/15 runes: decaying, serpentine
a: Renounce Religion, Upheaval, Elemental Force, Disaster Area


You were on level 5 of the Vaults.
You worshipped Qazlal.
Qazlal was extremely pleased with you.
You visited 7 branches of the dungeon, and saw 36 of its levels.
You visited 1 bazaar.
You also visited: Sewer and Ice Cave.

You collected 4930 gold pieces.
You spent 2884 gold pieces at shops.

Inventory:

Hand Weapons
 i - a +6 spectral quarterstaff
 j - the +7 trident "Ukos" {holy, *Noise rCorr SInv Stlth+}
   (You found it on level 15 of the Dungeon)

   It has been blessed by the Shining One to cause great damage to the undead
   and demons.
   SInv:      It lets you see invisible.
   *Noise:    It may make noises in combat.
   rCorr:     It protects you from acid and corrosion.
   Stlth:     It makes you more stealthy.
 q - the +6 whip of Crystal {drain, Fly rF- Will++ rCorr}
   (You took it off a wizard on level 15 of the Dungeon)

   A truly terrible weapon, it drains the life of any living foe it strikes.
   rF:        It makes you vulnerable to fire.
   Fly:       It grants you flight.
   rCorr:     It protects you from acid and corrosion.
   Will:      It greatly increases your willpower.
 K - a +4 vampiric broad axe (weapon)
Missiles
 d - 3 throwing nets
 e - 6 javelins (quivered)
 E - 6 atropa-tipped darts
 L - 4 boomerangs of dispersal
Armour
 a - a +0 kite shield of reflection (worn)
 g - the +5 chain mail "Kiaseab" (worn) {Will+ Regen+ Int-3}
   (You bought it in a shop in a bazaar)

   Int:       It affects your intelligence (-3).
   Regen:     It increases your rate of health regeneration.
   Will:      It increases your willpower.
 l - the +1 pair of boots of Ashenzari's Reproof (worn) {Contam Fly rC+ Dex+2}
   (You found it on level 15 of the Dungeon)

   Dex:       It affects your dexterity (+2).
   rC:        It protects you from cold.
   Fly:       It grants you flight.
   Contam:    It causes magical contamination when unequipped.
 s - a scarf of resistance (worn)
 S - a +2 helmet of see invisible (worn)
 Z - a +2 pair of gloves (worn)
Jewellery
 f - an amulet of regeneration (around neck)
 v - a +4 ring of protection (left hand)
 M - the ring "Rirexzixt" {*Slow rC+ rN+ Will+++ SInv}
   (You bought it in a shop on level 3 of the Vaults)

   [ring of see invisible]

   rC:        It protects you from cold.
   rN:        It protects you from negative energy.
   SInv:      It lets you see invisible.
   *Slow:     It may slow you when you take damage.
   Will:      It greatly increases your willpower.
 O - a +4 ring of protection (right hand)
 V - a ring of fire
 W - a ring of ice
Wands
 y - a wand of roots (41)
 z - a wand of flame (37)
 C - a wand of digging (20)
 N - a wand of mindburst (39)
 T - a wand of acid (9)
Scrolls
 k - 9 scrolls of teleportation
 w - 3 scrolls of silence
 A - 7 scrolls of butterflies
 D - a scroll of magic mapping
 J - 3 scrolls of summoning
 Q - 4 scrolls of poison
 R - 2 scrolls of fear
Potions
 h - 6 potions of invisibility
 m - 15 potions of curing
 o - 10 potions of might
 r - 4 potions of resistance
 x - 2 potions of cancellation
 G - 5 potions of haste
 U - 4 potions of berserk rage
Miscellaneous
 u - a condenser vane
 B - a tin of tremorstones (1/2)
 I - a lightning rod (3/4)


   Skills:
 + Level 19.2 Fighting
 + Level 5.8 Axes
 - Level 0.7(9.1) Polearms
 - Level 14.0 Staves
 + Level 3.7 Throwing
 + Level 19.3 Armour
 + Level 9.2 Dodging
 - Level 10.6 Stealth
 + Level 15.5 Shields
 * Level 16.1 Invocations
 * Level 14.7 Evocations


You had 21 spell levels left.
You didn't know any spells.
Your spell library contained the following spells:

 Spells                   Type           Power      Damage    Failure   Level
 Beastly Appendage        Tmut           0%         N/A       91%         1
 Kiss of Death            Conj/Necr      0%         2d5       91%         1
 Magic Dart               Conj           0%         1d3       91%         1
 Slow                     Hex            0%         N/A       91%         1
 Summon Small Mammal      Summ           0%         N/A       91%         1
 Ensorcelled Hibernation  Hex/Ice        0%         N/A       97%         2
 Searing Ray              Conj           0%         2d4       97%         2
 Call Canine Familiar     Summ           0%         N/A       100%        3
 Confusing Touch          Hex            0%         N/A       100%        3
 Dazzling Flash           Conj/Hex       0%         N/A       100%        3
 Portal Projectile        Hex/Tloc       0%         N/A       100%        3
 Spider Form              Tmut/Pois      0%         N/A       100%        3
 Summon Guardian Golem    Hex/Summ       0%         N/A       100%        3
 Tukima's Dance           Hex            0%         N/A       100%        3
 Vampiric Draining        Necr           0%         2d6       100%        3
 Anguish                  Hex/Necr       0%         N/A       100%        4
 Fulminant Prism          Conj/Hex       0%         3d6       100%        4
 Ice Form                 Ice/Tmut       0%         N/A       100%        4
 Iskenderun's Mystic Bla  Conj/Tloc      0%         2d3       100%        4
 Leda's Liquefaction      Hex/Erth       0%         N/A       100%        4
 Manifold Assault         Tloc           0%         N/A       100%        4
 Olgreb's Toxic Radiance  Pois           0%         N/A       100%        4
 Passage of Golubria      Tloc           0%         N/A       100%        4
 Petrify                  Tmut/Erth      0%         N/A       100%        4
 Summon Ice Beast         Ice/Summ       0%         N/A       100%        4
 Agony                    Necr           0%         N/A       100%        5
 Alistair's Intoxication  Tmut/Pois      0%         N/A       100%        5
 Arcjolt                  Conj/Air       0%         1d10      100%        5
 Blade Hands              Tmut           0%         N/A       100%        5
 Borgnjor's Vile Clutch   Necr/Erth      0%         N/A       100%        5
 Iskenderun's Battlesphe  Conj           0%         2d6       100%        5
 Lee's Rapid Deconstruct  Erth           0%         3d5*      100%        5
 Silence                  Hex/Air        0%         N/A       100%        5
 Summon Forest            Summ/Tloc      0%         N/A       100%        5
 Summon Mana Viper        Hex/Summ       0%         N/A       100%        5
 Dispersal                Tloc           0%         N/A       100%        6
 Eringya's Noxious Bog    Tmut/Pois      0%         N/A       100%        6
 Iron Shot                Conj/Erth      0%         9d1       100%        6
 Summon Cactus Giant      Summ           0%         N/A       100%        6
 Dragon Form              Tmut           0%         N/A       100%        7
 Ozocubu's Refrigeration  Ice            0%         4d7       100%        7
 Spellforged Servitor     Conj/Summ      0%         N/A       100%        7
 Borgnjor's Revivificati  Necr           0%         N/A       100%        8
 Ignition                 Fire           0%         3d3       100%        8
 Necromutation            Tmut/Necr      0%         N/A       100%        8
 Death's Door             Necr           0%         N/A       100%        9
 Statue Form              Tmut/Erth      Unusable   N/A       N/A         6

Dungeon Overview and Level Annotations

Branches:
Dungeon (15/15)            Temple (1/1) D:7            Lair (5/5) D:9
  Swamp (4/4) Lair:3        Snake (4/4) Lair:3        Slime (0/5) Lair:4
    Orc (2/2) D:12            Elf (0/3) Orc:2        Vaults (4/5) D:14
  Crypt (0/3) Vaults:3     Depths (0/4) D:15          Sewer (visited)
  IceCv (visited)

Altars:
Ashenzari
Cheibriados
Dithmenos
Elyvilon
Gozag
Hepliaklqana
Kikubaaqudgha
Nemelex Xobeh
Okawaru
Qazlal
Ru
Sif Muna
Trog
Uskayaw
Vehumet
Xom
Yredelemnul
Zin
The Shining One

Shops:
D:8 *   D:13 (   D:14 **(=!   Orc:2 ([(**   Snake:3 [??*:   Vaults:3 *
Vaults:4 [[*

Annotations:
D:7 2 transporters, Adrian566's ghost, amateur DsFi


Innate Abilities, Weirdness & Mutations

You are immune to sickness and miasma.
Your stone body is resilient. (AC +16)
You are immune to poison.
Your large and strong wings let you fly.
You resist negative energy. (rN+)
You are resistant to electric shocks. (rElec)
You are resistant to unholy torment.
You are immune to petrification.
You occasionally shout uncontrollably at your foes.


Message History

Your water elemental hits the titan!
You slash the titan!
The titan is severely wounded.
You hit the freezing wraith but do no damage.
You hit the war gargoyle but do no damage.
You hear a shout! x2
The war gargoyle is engulfed in freezing vapours.
The war gargoyle hits you but does no damage.
The titan hits you!!
* * * LOW HITPOINT WARNING * * *
You feel more protected from physical attacks.
You block the freezing wraith's attack. x2
The vault warden hits you but does no damage.
The war gargoyle hits you but does no damage.
Your water elemental hits the titan.
The titan hits you!!
* * * LOW HITPOINT WARNING * * *
The freezing wraith barely misses you.
The freezing wraith hits you but does no damage.
You block the vault warden's attack.
You barely miss the titan.
The titan is severely wounded.
You hit the war gargoyle.
You destroy the war gargoyle!
Qazlal accepts your kill.
You closely miss the freezing wraith.
Your water elemental disappears in a puff of smoke!
You block the freezing wraith's attack.
The freezing wraith hits you but does no damage.
The vault warden hits you from afar with a +0 halberd!
* * * LOW HITPOINT WARNING * * *
You feel more protected from physical attacks.
The titan is engulfed in freezing vapours.
The titan casts a spell.
The titan is healed somewhat.
As you read the scroll of butterflies, it crumbles to dust.
You hear the tinkle of a tiny bell.
The vault warden hits you but does no damage.
The titan is engulfed in freezing vapours.
The titan hits you!
You die...

# ###... .
... ..... ...
....b# ....
.b...# .....
.b..b#
#..b.###bb.##
.....b#bbb..#
.....bb@bb..#


(...bbbWCbbb# $[...bbpbb.b# ..}.b.#bb...# ########...## #.....# .......#
.........# ...........# You could see a titan (ally target), a vault warden
(ally target) and a freezing wraith (ally target).

Vanquished Creatures
  A dread lich (Vaults:5)
  Mara (Snake:4)
  Vashnia (Snake:2)
  Saint Roka (Vaults:1)
  A golden dragon (Vaults:5)
  Mlioglotl (Snake:1)
  3 sphinxes
  2 thorn hunters
  The ghost of Reeplash the Carver, a journeyman MeEE of Cheibriados (Snake:1)
  5 nagarajas
  A tengu reaver (Vaults:5)
  Donald (Vaults:1)
  2 frost giants
  2 fenstrider witches
  Roxanne (D:15)
  The ghost of Atuuduag the Warrior, a journeyman OgGl of the Shining One (D:13)
  Aizul (Swamp:2)
  Louise (Swamp:3)
  15 vault wardens
  An orc warlord (Vaults:4)
  8 very ugly things
  18 ironbound preservers
  A war gargoyle (Vaults:5)
  4 ironbound thunderhulks
  5 stone giants
  A deep elf demonologist (Vaults:5)
  8 eleionomae
  10 dire elephants
  7 bunyips
  An ettin (Orc:1)
  11 yaktaur captains
  2 shambling mangroves
  2 deep elf high priests
  Fannar (Orc:1)
  7 great orbs of eyes
  15 hydras
  30 vault guards
  A salamander tyrant (Snake:3)
  Erica (D:8)
  5 centaur warriors
  A merfolk aquamancer (D:14)
  4 catoblepae
  8 ironbound frosthearts
  An ogre mage (Vaults:5)
  A death knight (D:13)
  19 anacondas
  9 two-headed ogres
  5 boulder beetles
  12 alligators
  19 death yaks
  4 orc high priests
  2 tengu warriors
  6 shock serpents
  15 naga warriors
  22 naga sharpshooters
  A spriggan berserker (Swamp:1)
  10 sea snakes (Snake:4)
  3 salamander mystics
  9 goliath frogs
  42 deep trolls
  15 swamp dragons
  13 naga ritualists
  9 ironbound convokers
  2 lindwurms
  5 bog bodies
  4 necromancers
  A phantasmal warrior (D:13)
  2 spriggan druids (Swamp:2)
  2 obsidian statues
  10 orc knights
  6 wizards
  Pikel (D:4)
  A wolf spider (Vaults:5)
  A sphinx skeleton (Vaults:4)
  A deep elf pyromancer (D:9)
  A deep elf zephyrmancer (D:13)
  15 mana vipers
  13 ugly things
  7 orc sorcerers
  A fire giant zombie (Vaults:4)
  A tengu skeleton (Vaults:2)
  9 will-o-the-wisps
  A human zombie (Vaults:3)
  5 cyclopes
  9 salamanders
  4 manticores
  7 guardian serpents
  4 human skeletons
  2 elephants (Lair:5)
  An ice statue (IceCv)
  38 black mambas
  2 torpor snails
  18 vault sentinels
  2 water nymphs
  Joseph (D:10)
  Maggie (D:8)
  14 naga magi
  2 unseen horrors (D:13)
  2 gargoyles (D:12)
  13 cane toads
  3 kobold demonologists (D:13)
  4 rime drakes
  30 yaktaurs
  12 komodo dragons
  7 polar bears
  10 trolls
  Prince Ribbit (D:6)
  3 meliai (Lair:4)
  A bloated husk (Swamp:3)
  14 hornets
  A queen bee (Lair:4)
  Grinder (D:6)
  12 tyrant leeches
  A tengu simulacrum (Vaults:3)
  34 slime creatures
  A frost giant simulacrum (Vaults:4)
  2 yaktaur skeletons
  11 blink frogs
  2 dream sheep (Lair:5)
  Sigmund (D:4)
  A culicivora (shapeshifter) (D:13)
  2 vampires
  11 wyverns
  9 spriggans
  3 wraiths
  A centaur simulacrum (D:15)
  A water elemental (D:13)
  8 humans
  7 vampire mosquitoes
  39 yaks
  5 basilisks
  2 steam dragons
  A glowing shapeshifter zombie (Vaults:3)
  6 wargs
  50 nagas
  20 swamp worms
  7 acid dragons
  7 water moccasins
  Duvessa (D:7)
  12 swamp drakes
  3 ice beasts
  A sky beast (D:7)
  A black bear (D:5)
  39 orc warriors
  32 wolves
  4 centaurs
  4 ogres
  A kobold brigand (D:6)
  15 bullfrogs
  2 gnoll sergeants
  3 necrophages
  4 scorpions
  5 wights
  Dowan (D:7)
  A human simulacrum (Vaults:4)
  31 killer bees
  5 electric eels
  2 howler monkeys
  3 hounds
  18 orc priests
  3 jellies
  9 iguanas
  24 orc wizards
  13 gnolls
  7 adders
  2 river rats (Sewer)
  A shadow imp (D:6)
  12 white imps (D:12)
  2 ufetubi
  A worm (D:5)
  94 orcs
  9 ball pythons
  3 endoplasms (D:3)
  7 giant cockroaches
  6 goblins
  7 hobgoblins
  6 jackals
  11 quokkas
  A bat (D:1)
  13 frilled lizards
  12 kobolds
  13 rats
  A briar patch (Swamp:4)
1396 creatures vanquished.

Vanquished Creatures (collateral kills)
  the Lernaean hydra (Swamp:3)
  Gastronok (Lair:3)
  Agnes (D:14)
  A nagaraja (Snake:4)
  2 vault wardens
  A stone giant (Vaults:4)
  An ironbound thunderhulk (Vaults:4)
  A bunyip (Swamp:2)
  A dire elephant (Lair:5)
  A fire dragon (Lair:5)
  A yaktaur captain (Vaults:1)
  4 vault guards
  A spriggan air mage (Swamp:1)
  An anaconda (Snake:2)
  A hydra (Swamp:2)
  A naga sharpshooter (Snake:4)
  A shadow wraith (Vaults:5)
  A naga ritualist (Snake:4)
  3 deep trolls (Vaults:4)
  A swamp dragon (Lair:5)
  A phantasmal warrior (Vaults:5)
  A wizard (Vaults:2)
  A mana viper (Snake:3)
  3 ugly things (Vaults:2)
  A guardian serpent (Snake:2)
  A naga mage (Snake:4)
  A black mamba (Snake:2)
  A freezing wraith (D:13)
  A hornet (Swamp:1)
  2 spriggans (Swamp:1)
  4 nagas
  2 orc warriors
  An electric eel (Snake:4)
  7 orcs
53 creatures vanquished.

Vanquished Creatures (others)
  A dread lich (Vaults:5)
  A vault guard (Vaults:5)
  An alligator (Swamp:2)
  A death yak (IceCv)
  A spriggan druid (Swamp:2)
  2 bloated husks
  A hornet (Swamp:2)
  2 spriggans (Swamp:2)
  A killer bee (Lair:5)
  An electric eel (D:12)
  An orc wizard (Orc:1)
  An orc (Orc:1)
  3 briar patches (Swamp:4)
  4 bushes (D:9)
  90 foxfires
  26 fungi
  84 plants
221 creatures vanquished.

Grand Total: 1670 creatures vanquished

Notes
Turn   | Place    | Note
-------+----------+-------------------------------------------
     0 | D:1      | jlumianski the Gargoyle Gladiator began the quest for the
                  | Orb.
     0 | D:1      | Reached XP level 1. HP: 12/12 MP: 1/1
   339 | D:1      | Reached XP level 2. HP: 17/17 MP: 2/2
   583 | D:1      | Reached skill level 1 in Staves
   800 | D:2      | Reached XP level 3. HP: 22/22 MP: 3/3
   990 | D:3      | Found a glowing drain.
  1007 | Sewer    | Entered a sewer
  1027 | Sewer    | Reached XP level 4. HP: 26/27 MP: 4/4
  1588 | D:4      | Reached skill level 1 in Armour
  1588 | D:4      | Reached XP level 5. HP: 31/31 MP: 5/5
  1670 | D:4      | Noticed Pikel
  1671 | D:4      | Noticed a lemure
  2172 | D:2      | Found a faded altar of an unknown god.
  2571 | D:4      | Reached skill level 1 in Stealth
  2571 | D:4      | Reached XP level 6. HP: 26/37 MP: 6/6
  2676 | D:5      | Entered Level 5 of the Dungeon
  2692 | D:4      | Noticed Sigmund
  2721 | D:4      | Killed Sigmund
  2754 | D:4      | Reached XP level 7. HP: 38/41 MP: 7/7
  2829 | D:4      | Killed Pikel
  2830 | D:4      | Reached skill level 5 in Staves
  2830 | D:4      | Reached XP level 8. HP: 16/48 MP: 8/8
  3469 | D:5      | Got the Guide on the Excursion
  3889 | D:5      | Found a glowing silver altar of Zin.
  4196 | D:6      | Noticed Grinder
  4200 | D:6      | Paralysed by Grinder for 3 turns
  4205 | D:6      | Paralysed by Grinder for 3 turns
  4212 | D:6      | Killed Grinder
  4365 | D:6      | Reached skill level 5 in Armour
  4425 | D:6      | Reached skill level 5 in Fighting
  4425 | D:6      | Reached XP level 9. HP: 54/54 MP: 9/9
  4665 | D:6      | Noticed Prince Ribbit
  4672 | D:6      | Killed Prince Ribbit
  4748 | D:6      | Noticed a two-headed ogre
  4752 | D:6      | Killed a two-headed ogre
  4753 | D:6      | Reached skill level 5 in Stealth
  5068 | D:7      | Found a transporter.
  5090 | D:7      | Noticed Adrian566's ghost (amateur DsFi)
  5133 | D:6      | Upgraded the game from 0.30-a0-140-gd1020e658a to
                  | 0.30-a0-141-g30f27751c5
  5278 | D:7      | Noticed Duvessa
  5278 | D:7      | Noticed Dowan
  5283 | D:7      | Killed Duvessa
  5284 | D:7      | Reached XP level 10. HP: 41/60 MP: 10/10
  5286 | D:7      | Killed Dowan
  5440 | D:7      | Noticed a two-headed ogre
  5474 | D:7      | Found a transporter.
  5516 | D:7      | Found a staircase to the Ecumenical Temple.
  5525 | Temple   | Entered the Ecumenical Temple
  5538 | Temple   | Became a worshipper of Qazlal Stormbringer
  5689 | D:7      | Identified a scroll of acquirement
  5689 | D:7      | Acquired a manual of Armour
  5858 | D:8      | Noticed a two-headed ogre
  6026 | D:8      | Killed a two-headed ogre
  6235 | D:8      | Noticed Maggie
  6245 | D:8      | Killed Maggie
  6489 | D:8      | Found a shimmering altar of Xom.
  6489 | D:8      | Found a snail-covered altar of Cheibriados.
  6490 | D:8      | Found a sparkling altar of Nemelex Xobeh.
  6622 | D:8      | Noticed Erica
  6635 | D:8      | Killed Erica
  6636 | D:8      | Reached skill level 10 in Staves
  6912 | D:8      | Found a shadowy altar of Dithmenos.
  6981 | D:8      | Found Uviept's General Store.
  7073 | D:8      | Reached * piety under Qazlal
  7242 | D:9      | Reached skill level 10 in Armour
  7245 | D:9      | Got Zoufuv's Precepts of Transmutation
  7280 | D:9      | Reached XP level 11. HP: 34/67 MP: 11/11
  7705 | D:9      | Noticed a deep elf pyromancer
  7710 | D:9      | Killed a deep elf pyromancer
  8098 | D:9      | Found a staircase to the Lair.
  8133 | D:9      | Reached skill level 5 in Dodging
  8179 | D:9      | Gained mutation: You occasionally shout uncontrollably at
                  | your foes. [potion of mutation]
  8194 | D:9      | Reached ** piety under Qazlal
  8273 | D:9      | Reached skill level 1 in Invocations
  8659 | D:10     | Entered Level 10 of the Dungeon
  8713 | D:10     | Noticed a two-headed ogre
  8718 | D:10     | Killed a two-headed ogre
  8800 | D:10     | Reached skill level 1 in Evocations
  9069 | D:10     | Noticed Joseph
  9078 | D:10     | Killed Joseph
  9239 | D:11     | Found a flickering gateway to a bazaar.
  9241 | D:11     | Noticed a two-headed ogre
  9248 | D:11     | Killed a two-headed ogre
  9256 | Bazaar   | Entered a bazaar
  9274 | Bazaar   | Found Ubizug's Weapon Shop.
  9290 | Bazaar   | Found Suir's Magic Scroll Boutique.
  9321 | Bazaar   | Found Jior's Assorted Antiques.
  9321 | Bazaar   | Found Vocolat's Distillery.
  9377 | Bazaar   | Bought a scroll of enchant weapon for 67 gold pieces
  9402 | Bazaar   | Bought a warped chain mail for 247 gold pieces
  9402 | Bazaar   | Identified the +5 chain mail "Kiaseab" {Will+ Regen+ Int-3}
                  | (You bought it in a shop in a bazaar)
  9402 | Bazaar   | Bought a dented cabochon amulet for 130 gold pieces
  9448 | D:11     | Found a transporter.
  9450 | D:11     | Found a transporter.
  9479 | D:11     | Reached *** piety under Qazlal
  9883 | D:11     | Found a transporter.
 10106 | D:11     | Reached XP level 12. HP: 58/74 MP: 14/14
 10113 | D:11     | Noticed a two-headed ogre
 10123 | D:11     | Killed a two-headed ogre
 10291 | D:12     | Reached skill level 1 in Shields
 10304 | D:12     | Reached **** piety under Qazlal
 10377 | D:12     | Found a frozen archway.
 10403 | IceCv    | Entered an ice cave
 10503 | IceCv    | Noticed a death yak
 10504 | IceCv    | Noticed a death yak
 10509 | IceCv    | Killed a death yak
 10515 | IceCv    | Killed a death yak
 10516 | IceCv    | Reached skill level 5 in Invocations
 10565 | IceCv    | Reached skill level 5 in Evocations
 10586 | IceCv    | Noticed a death yak
 10586 | IceCv    | Noticed a frost giant
 10586 | IceCv    | Noticed a death yak
 10600 | IceCv    | Killed a death yak
 10612 | IceCv    | Killed a death yak
 10613 | IceCv    | Reached XP level 13. HP: 61/80 MP: 11/16
 10622 | IceCv    | HP: 3/80 [frost giant/+2 battleaxe of freezing (21)]
 10622 | IceCv    | HP: 1/80 [frost giant/+2 battleaxe of freezing (1)]
 10623 | IceCv    | Killed a frost giant
 11527 | D:11     | Found a transporter.
 11877 | D:12     | Found a staircase to the Orcish Mines.
 11884 | D:12     | Reached ***** piety under Qazlal
 13100 | D:13     | Found Usolaw's Antique Weapon Boutique.
 13120 | D:13     | Identified the ring "Uratomah" {Will+ Int+4 SInv}
 13716 | D:14     | Noticed Agnes
 13722 | D:14     | Reached skill level 10 in Fighting
 13725 | D:14     | Killed Agnes
 13730 | D:14     | Gained mutation: Your large and strong wings let you fly.
                  | [Gargoyle growth]
 13730 | D:14     | Reached XP level 14. HP: 81/88 MP: 14/19
 13999 | D:14     | Found Otsyll's Distillery.
 14014 | D:14     | Bought a potion of berserk rage for 65 gold pieces
 14216 | D:14     | Found Ydaylux's Jewellery Shoppe.
 14218 | D:14     | Found Cafuof's Antique Weapon Shoppe.
 14276 | D:14     | Found a gate to the Vaults.
 14326 | D:14     | Found a runed translucent gate.
 14326 | D:14     | Found a runed translucent gate.
 14326 | D:14     | Found a runed translucent gate.
 14327 | D:14     | Found an opulent altar of Gozag.
 14328 | D:14     | Found Nossita's Assorted Antiques.
 14328 | D:14     | Noticed Atuuduag's ghost (journeyman OgGl)
 14331 | D:14     | Found Fada Asy's Assorted Antiques.
 14391 | D:13     | Killed Atuuduag's ghost
 14573 | D:14     | Bought a scroll labelled VEPHAA PIEC for 24 gold pieces
 14573 | D:14     | Bought a dark potion for 21 gold pieces
 14573 | D:14     | Bought a pair of gloves for 108 gold pieces
 14598 | D:14     | Bought a scroll of enchant armour for 285 gold pieces
 14598 | D:14     | Bought a scroll of summoning for 361 gold pieces
 14873 | Lair:1   | Entered Level 1 of the Lair of Beasts
 14892 | D:9      | Upgraded the game from 0.30-a0-141-g30f27751c5 to
                  | 0.30-a0-165-g1891117ce2
 15019 | D:15     | Entered Level 15 of the Dungeon
 15095 | D:15     | Identified the +7 trident "Ukos" {holy, *Noise rCorr SInv
                  | Stlth+}
 15104 | D:15     | Identified the +1 pair of boots of Ashenzari's Reproof
                  | {Contam Fly rC+ Dex+2}
 15259 | D:15     | Noticed a stone giant
 15271 | D:14     | Killed a stone giant
 15323 | D:15     | Found a staircase to the Depths.
 15339 | D:15     | Identified the +6 whip of Crystal {drain, Fly rF- Will++
                  | rCorr}
 15378 | D:15     | Reached skill level 15 in Armour
 15638 | D:15     | Noticed Roxanne
 15661 | D:15     | Killed Roxanne
 16150 | Orc:1    | Entered Level 1 of the Orcish Mines
 16150 | Orc:1    | Noticed Fannar
 16298 | Orc:1    | Killed Fannar
 16487 | Orc:2    | Entered Level 2 of the Orcish Mines
 16487 | Orc:2    | Found Zoisoho's Antique Weapon Boutique.
 17190 | Orc:1    | Reached XP level 15. HP: 85/95 MP: 21/21
 17453 | Orc:2    | Found a staircase to the Elven Halls.
 17511 | Orc:2    | Reached skill level 5 in Shields
 17892 | Orc:2    | Found Fiowef's Armour Shoppe.
 17904 | Orc:2    | Found Joicop's Assorted Antiques.
 17908 | Orc:2    | Found Petagh's Antique Weapon Boutique.
 17910 | Orc:2    | Found Guzisy's Assorted Antiques.
 17921 | Orc:2    | Bought a scroll of enchant weapon for 240 gold pieces
 17921 | Orc:2    | Bought a scroll of blinking for 240 gold pieces
 17921 | Orc:2    | Bought a potion of heal wounds for 160 gold pieces
 19877 | Lair:3   | Noticed Gastronok
 19904 | Lair:3   | Killed Gastronok
 20296 | Lair:3   | Found a staircase to the Snake Pit.
 20677 | Lair:3   | Found a staircase to the Swamp.
 21308 | Lair:5   | Entered Level 5 of the Lair of Beasts
 21448 | Lair:4   | Found a staircase to the Slime Pits.
 21516 | Lair:4   | Reached skill level 10 in Invocations
 21820 | Lair:4   | Reached XP level 16. HP: 95/103 MP: 23/23
 22677 | Lair:5   | Reached ****** piety under Qazlal
 23166 | Lair:5   | Acquired 1032 gold pieces
 23411 | Swamp:1  | Entered Level 1 of the Swamp
 23411 | Swamp:1  | You are sucked into a shaft and drop 1 floor!
 23643 | Lair:3   | Reached skill level 10 in Evocations
 23852 | Swamp:1  | Noticed a fenstrider witch
 23878 | Swamp:1  | Killed a fenstrider witch
 24474 | Swamp:1  | Reached XP level 17. HP: 111/111 MP: 25/25
 24818 | Swamp:3  | Noticed Louise
 25193 | Swamp:3  | Noticed Aizul
 25207 | Swamp:2  | Killed Aizul
 25372 | Swamp:3  | Killed Louise
 25373 | Swamp:3  | Reached skill level 10 in Stealth
 25938 | Swamp:4  | Entered Level 4 of the Swamp
 26152 | Swamp:4  | Noticed the 27-headed Lernaean hydra
 26576 | Swamp:4  | Reached skill level 10 in Shields
 26656 | Swamp:3  | Killed the 27-headed Lernaean hydra
 26695 | Swamp:3  | Reached skill level 15 in Fighting
 26831 | Swamp:4  | Reached XP level 18. HP: 110/119 MP: 27/27
 26944 | Swamp:4  | Got a decaying rune of Zot
 27475 | D:9      | Upgraded the game from 0.30-a0-165-g1891117ce2 to
                  | 0.30-a0-168-g0b976cbdc4
 27550 | Snake:1  | Entered Level 1 of the Snake Pit
 27906 | Snake:1  | Found a runed translucent door.
 27907 | Snake:1  | Noticed Reeplash's ghost (journeyman MeEE)
 27926 | Snake:2  | Noticed Mlioglotl
 28528 | Snake:1  | Killed Mlioglotl
 28627 | Snake:1  | Killed Reeplash's ghost
 28871 | Snake:2  | Noticed Vashnia
 28938 | Snake:2  | Killed Vashnia
 30263 | Snake:3  | Reached XP level 19. HP: 125/125 MP: 20/28
 30381 | Snake:3  | Found Jietapp's Assorted Antiques.
 30409 | Snake:3  | Found Zamups's Book Shop.
 30409 | Snake:3  | Found Fiejem's Magic Scroll Boutique.
 30414 | Snake:3  | Found Sisoweecs's Magic Scroll Boutique.
 30444 | Snake:3  | Bought a scroll of blinking for 97 gold pieces
 30456 | Snake:3  | Bought a potion of mutation for 304 gold pieces
 30634 | Snake:4  | Entered Level 4 of the Snake Pit
 30654 | Snake:4  | Noticed Mara
 30669 | Snake:3  | Found Nigetec's Antique Armour Shop.
 30914 | Snake:3  | Found a glowing golden altar of the Shining One.
 31544 | Snake:4  | Noticed jlumianski's illusion
 31659 | Snake:4  | Noticed jlumianski's illusion
 31683 | Snake:4  | Killed Mara
 32778 | Snake:4  | Got Sif Muna's Encyclopedia of the Gelid Impact
 33063 | Snake:4  | Got a serpentine rune of Zot
 33662 | Vaults:1 | Entered Level 1 of the Vaults
 33852 | Vaults:1 | Noticed Saint Roka
 33880 | Vaults:1 | Killed Saint Roka
 33881 | Vaults:1 | Reached XP level 20. HP: 72/134 MP: 22/30
 35127 | Vaults:1 | a shadow dragon changed into a caustic shrike
 35127 | Vaults:1 | Noticed a caustic shrike (glowing shapeshifter)
 35130 | Vaults:1 | a caustic shrike changed into an iron dragon
 35147 | Vaults:2 | Noticed Donald
 35168 | Vaults:1 | Killed Donald
 36460 | Vaults:2 | Reached skill level 15 in Invocations
 36898 | Vaults:3 | Paralysed by a great orb of eyes for 5 turns
 36939 | Vaults:3 | Reached XP level 21. HP: 91/141 MP: 28/32
 36956 | Vaults:3 | Found a staircase to the Crypt.
 36956 | Vaults:3 | Found a basalt altar of Yredelemnul.
 36959 | Vaults:3 | Found an ancient bone altar of Kikubaaqudgha.
 37349 | Vaults:3 | Found Fafusi's Assorted Antiques.
 37356 | Vaults:3 | Bought a brightly glowing copper ring for 170 gold pieces
 37356 | Vaults:3 | Identified the ring "Rirexzixt" {*Slow rC+ rN+ Will+++
                  | SInv} (You bought it in a shop on level 3 of the Vaults)
 38148 | Vaults:4 | Found Yweciop's Armour Shoppe.
 38460 | Vaults:4 | Found Kelak's Armour Shop.
 38468 | Vaults:4 | Bought a +2 helmet of see invisible for 365 gold pieces
 38507 | Vaults:4 | Paralysed by a sphinx for 2 turns
 38925 | Vaults:4 | Reached skill level 15 in Shields
 39101 | Vaults:4 | Found Usijed's General Store.
 40105 | Vaults:5 | Entered Level 5 of the Vaults
 40184 | Vaults:5 | Noticed a golden dragon
 40225 | Vaults:5 | Noticed a golden dragon
 40226 | Vaults:5 | Noticed a dread lich
 40227 | Vaults:5 | Noticed a golden dragon
 40228 | Vaults:5 | Noticed a dread lich
 40263 | Vaults:5 | HP: 3/144 [fire giant/+2 great sword of flaming (8)]
 40276 | Vaults:5 | Reached XP level 22. HP: 24/149 MP: 27/33
 40356 | Vaults:5 | Killed a dread lich
 40357 | Vaults:5 | Reached skill level 5 in Axes
 40365 | Vaults:5 | Paralysed by a dread lich for 5 turns
 40373 | Vaults:5 | Paralysed by a dread lich for 5 turns
 40380 | Vaults:5 | Paralysed by a dread lich for 3 turns
 40380 | Vaults:5 | Killed a dread lich
 40384 | Vaults:5 | Noticed an ancient lich
 40456 | Vaults:5 | Killed a golden dragon
 40471 | Vaults:5 | HP: 4/150 [vault warden/+0 halberd (8)]
 40472 | Vaults:5 | Mangled by a titan

Illustrated notes

Levels and vault maps discovered:
D:1:      lightli_iron_boxes, layout_loops_ring
D:2:      layout_rooms, chequers_ecumenical_altar_lobes, minmay_close_crescents
D:3:      layout_rooms, gup_sewer_entry_pipe
D:4:      layout_basic, uniq_pikel, uniq_sigmund
D:5:      layout_gridville, mainiacjoe_overflow_catwalk
D:6:      layout_basic, chequers_serial_rivers_large_b, uniq_prince_ribbit1,
          uniq_grinder
D:7:      layout_rooms, minmay_temple_entry_antechambers, nzn_ghost_randoct,
          uniq_duvessa
D:8:      layout_gridville, grunt_temple_overflow_open, lemuel_doored_altar,
          serial_shops, shop, uniq_maggie, uniq_erica
D:9:      layout_cave_pools, minmay_lair_entry_grove, special_room
          [special_room_orc]
D:10:     layout_loops_ring, minmay_misc_feat_roman, roderic_roman_lattice,
          chequers_arboretum, minivault_14, uniq_joseph
D:11:     layout_long_grid, serial_shops, bzr_entry_customers,
          nicolae_transporter_circle
D:12:     layout_layer_cave, erik_orc_2, portal_ice_cave_entry_imps,
          nicolae_straight_to_the_point
D:13:     layout_roguey, serial_shops, nicolae_shop_crystal
D:14:     layout_rooms, ximxim_vaults_locker_room, serial_bayou_lagoon_a,
          serial_shops, shop, nicolae_shop_hallway_plus, shop,
          ebering_ghost_gozag, nicolae_splish_splash, uniq_agnes
D:15:     hangedman_depths_entry_civil_slaughter, layout_loops_ring,
          hangedman_decor_clover_reticule, minivault_15, uniq_roxanne
Temple:   nicolae_temple_bog_church
Lair:1:   layout_hall_layers, grunt_megastairs_4
Lair:2:   layout_layer_cave
Lair:3:   layout_cave_pods, palyth_hydra_swamp_entry,
          minmay_snake_entry_guardpost_medium, uniq_gastronok
Lair:4:   layout_roguey, minmay_slime_entry_pillars
Lair:5:   guppyfry_lair_end_dragon, layout_loops_ring, hangedman_lair_in_review,
          special_room [special_room_bee]
Swamp:1:  layout_basic_swamp, evilmike_swamp_ruin_house_4,
          infiniplex_staircase_pool_2
Swamp:2:  layout_falls_marsh, nicolae_swamp_round_clearing, swamp_pool5,
          nzn_swamp_dancing_lights
Swamp:3:  layout_basic_swamp, serial_swamp_ruin, evilmike_swamp_ruin_rubble_1,
          evilmike_swamp_ruin_house_1, evilmike_swamp_ruin_rubble_2,
          swamp_pool1, nicolae_swamp_tree_designs, infiniplex_staircase_pool,
          uniq_louise, uniq_aizul
Swamp:4:  swamp_old_school, layout_basic_swamp, swamp_pool1, worms_lemuel
Snake:1:  layout_gridlike, ebering_ghost_inner_flame, grunt_megastairs_1
Snake:2:  layout_chambers, hangedman_snake_corridor_split, serial_bayou_shore_b,
          uniq_vashnia, uniq_mlioglotl
Snake:3:  layout_layer_cave, basic_altar, serial_shops, shop, minmay_shoptagon
Snake:4:  grunt_snake_rune_pools, layout_cave_town, nicolae_snake_snake_lake,
          uniq_mara
Orc:1:    layout_caves, uniq_fannar
Orc:2:    st_orc_elflike, layout_caves, serial_shops, shop_statue
Vaults:1: nicolae_vaults_circle_grid_a, vaults_dpeg_emergency_exit,
          hangedman_vaults_stagger, v_misc_19, grunt_vaults_hallway_short,
          v_misc_8, nicolae_vaults_little_ls, nicolae_vaults_specimen_jars,
          nicolae_vaults_little_squares_3, v_misc_24, layout_vaults_quadrants,
          uniq_saint_roka
Vaults:2: vaults_mumra_bighexcomb, v_misc_18, vaults_room_fours,
          ontoclasm_vaults_fault, v_misc_29, ontoclasm_vaults_ring_square,
          nicolae_vaults_diagonal_hallway_6, v_misc_25,
          nicolae_vaults_windows_and_doors_thing, nicolae_vaults_theta,
          v_pattern_2, v_alt_pattern_2, layout_vaults_maze_bifur, uniq_donald
Vaults:3: grunt_vaults_swirl, hangedman_vaults_impose,
          minmay_crypt_entry_necro_gods, vaults_mumra_hexcomb,
          grunt_vaults_focal, hangedman_vaults_snaps, vaults_dpeg_cross,
          v_misc_12, nicolae_vaults_little_squares_4, grunt_vaults_diagonal,
          grunt_vaults_hallway_long, ontoclasm_vaults_loading_screen,
          vaults_room_pools, grunt_vaults_hallway_short,
          layout_vaults_omnicross, serial_shops, shop
Vaults:4: vaults_standard_mumra_enter_the_diamond, hangedman_vaults_capsules,
          dpeg_vaults_monster_box, nicolae_vaults_rhombus_5,
          nicolae_vaults_asterisk, nicolae_vaults_little_squares_4, v_misc_22,
          hangedman_vaults_cutoff, nicolae_vaults_ring_of_whatevers,
          vaults_mumra_hex, layout_vaults_chaotic_city, serial_shops, shop,
          nicolae_shop_waterfront, nicolae_shop_stone
Vaults:5: serial_shops

Skill      XL: |  1  2  3  4  5  6  7  8  9 10 11 12 13 14 15 16 17 18 19 20 21 22 |
---------------+-------------------------------------------------------------------+-----
Staves         | 1 2 3 4 5 7 8 10 11 13 14 | 14.0
Axes           | 3 4 5 |  5.8
Dodging        | 3 4 5 6 7 8 9 |  9.2
Armour         | 1 2 3 5 6 10 12 13 14 15 16 17 18 19 | 19.3
Fighting       | 3 5 6 7 8 9 10 11 12 14 15 16 17 18 19 | 19.2
Stealth        | 1 2 4 5 6 7 8 9 10 | 10.6
Throwing       | 2 3 |  3.7
Invocations    | 3 5 7 8 10 11 12 13 14 15 16 | 16.1
Evocations     | 2 5 6 8 9 10 11 12 13 14 | 14.7
Shields        | 2 3 4 6 8 10 12 13 14 15 | 15.5
Polearms       | |  0.7

Action                   |  1- 3 |  4- 6 |  7- 9 | 10-12 | 13-15 | 16-18 | 19-21 | 22-24 || total
-------------------------+-------+-------+-------+-------+-------+-------+-------+-------++-------
Melee: Quarterstaff      |    44 |    81 |   110 |   410 |   929 |  1189 |  1337 |       ||  4100
       War axe           |     8 |       |       |       |       |       |       |       ||     8
       Trident           |       |       |       |       |       |       |    14 |       ||    14
       Broad axe         |       |       |       |       |       |       |    59 |    87 ||   146
Throw: Javelin           |       |       |     3 |    14 |     7 |     4 |     9 |       ||    37
Invok: Upheaval          |       |       |       |     2 |     6 |     4 |    10 |     2 ||    24
       Elemental Force   |       |       |       |     1 |     7 |    13 |    12 |     4 ||    37
       Disaster Area     |       |       |       |       |       |     1 |     1 |       ||     2
Evoke: Condenser vane    |       |       |       |       |     1 |     1 |     1 |       ||     3
       Lightning rod     |       |       |       |       |     1 |     1 |     6 |     2 ||    10
       Wand              |       |       |       |       |     1 |       |     3 |     1 ||     5
       Tin of tremorston |       |       |       |       |       |     2 |     5 |     1 ||     8
  Use: Scroll            |     4 |     8 |     2 |     9 |     8 |    10 |    12 |     5 ||    58
       Potion            |     4 |     2 |       |     3 |     2 |     2 |     5 |     1 ||    19
 Stab: Sleeping          |       |     1 |     1 |       |       |       |       |       ||     2
       Distracted        |       |     1 |       |     8 |    22 |    25 |    42 |       ||    98
       Paralysed         |       |       |       |       |     3 |     4 |    13 |       ||    20
Armor: Leather armour    |    22 |    24 |     4 |       |       |       |       |       ||    50
       Scale mail        |       |       |    23 |       |       |       |       |       ||    23
       Chain mail        |       |       |    31 |   213 |   533 |  1073 |   939 |   169 ||  2958
       Plate armour      |       |       |       |    63 |       |       |       |       ||    63
Dodge: Dodged            |    33 |    42 |    48 |   159 |   373 |   704 |   652 |    50 ||  2061
       Repelled          |       |       |       |     6 |    12 |    45 |    28 |     2 ||    93
Block: Other             |       |       |       |    36 |   197 |   551 |   382 |       ||  1166
       Kite shield       |       |       |       |       |       |       |   180 |   153 ||   333
       Reflection        |       |       |       |       |       |       |     4 |     7 ||    11

Table legend: (Time is in decaauts)
 A = Elapsed time spent in this place.
 B = Non-inter-level travel time spent in this place.
 C = Inter-level travel time spent in this place.
 D = Time resting spent in this place.
 E = Time spent auto-exploring this place.
 F = Levels seen in this place.
 G = Mean time per level.
                   A        B        C        D        E       F      G
               +--------+--------+--------+--------+--------+-----+--------+
         Total |  39473 |  36826 |   2647 |   2068 |  18323 |  39 | 1012.1 |
       Dungeon |  15204 |  13698 |   1506 |   1169 |   7533 |  15 | 1013.6 |
        Temple |    109 |    107 |      2 |     15 |      0 |   1 |  109.0 |
          Lair |   5265 |   4759 |    506 |    205 |   2387 |   5 | 1053.0 |
         Swamp |   3421 |   3370 |     51 |    142 |   1232 |   4 |  855.2 |
     Snake Pit |   5566 |   5353 |    213 |     92 |   2990 |   4 | 1391.5 |
  Orcish Mines |   2189 |   2189 |      0 |    219 |    517 |   2 | 1094.5 |
        Vaults |   6158 |   5792 |    366 |     84 |   3179 |   5 | 1231.6 |
        Bazaar |    184 |    184 |      0 |      0 |      0 |   1 |  184.0 |
         Sewer |    576 |    576 |      0 |    132 |    218 |   1 |  576.0 |
      Ice Cave |    798 |    798 |      0 |     10 |    267 |   1 |  798.0 |
               +--------+--------+--------+--------+--------+-----+--------+

Top non-repeatable levels by time:
     D:8: 1720 daAuts
 Snake:3: 1700 daAuts
Vaults:4: 1673 daAuts
    D:12: 1659 daAuts
  Lair:3: 1588 daAuts
 Snake:4: 1481 daAuts
Vaults:1: 1461 daAuts
Vaults:2: 1456 daAuts
 Snake:2: 1345 daAuts
    D:11: 1332 daAuts
Vaults:3: 1236 daAuts
  Lair:5: 1217 daAuts
   Orc:2: 1117 daAuts
    D:13: 1108 daAuts
   Orc:1: 1072 daAuts
